 Dungeon Crawl Stone Soup version 0.28.0-53-g5a82cb258f (webtiles) character file.

Game seed: 18256554743189701918

622 MiltankisOP the Vexing (level 7, 0/43 HPs)
             Began as a Formicid Arcane Marksman on July 12, 2022.
             Was a Believer of Jiyva.
             Slain by a scorpion (8 damage)
             ... on level 7 of the Dungeon.
             The game lasted 00:09:29 (2571 turns).

MiltankisOP the Vexing (Formicid Arcane Marksman)   Turns: 2571, Time: 00:09:29

Health: 0/43       AC:  2    Str: 19    XL:     7   Next: 75%
Magic:  7/13       EV: 12    Int: 12    God:    Jiyva [**....]
Gold:   189        SH:  0    Dex: 13    Spells: 10/14 levels left

rFire   . . .      SeeInvis +   a - +0 hunting sling
rCold   . . .      Faith    .   (no shield)
rNeg    . . .      Spirit   .   d - +0 robe
rPois   .          Reflect  .   (helmet unavailable)
rElec   .          Harm     .   (no cloak)
rCorr   +          Rampage  .   (no gloves)
Will    .....                   (no boots)
Stlth   +.........              (no amulet)
HPRegen 1.10/turn               (no ring)
MPRegen 0.43/turn               (no ring)

@: lethally poisoned (0 -> -2), portalling projectiles
A: permanent stasis, dig shafts and tunnels, antennae 3, four strong arms, frail
1, strong 2, MP-powered wands, engulf
a: Dig, Shaft Self, Renounce Religion


You were on level 7 of the Dungeon.
You worshipped Jiyva.
Jiyva was pleased with you.
You visited 1 branch of the dungeon, and saw 5 of its levels.

You collected 189 gold pieces.

Inventory:

Hand Weapons
 a - a +0 hunting sling (weapon)
 f - a +1 flail of distortion
Missiles
 c - 25 sling bullets (quivered ammo)
 g - 116 stones
Armour
 d - a +0 robe (worn)
Wands
 n - a wand of flame (23)
Scrolls
 b - a scroll of immolation {unknown}
 e - 2 scrolls of identify {unknown}
 i - a scroll of noise {unknown}
 j - a scroll of vulnerability {unknown}
 k - 2 scrolls of holy word {unknown}
 l - a scroll of teleportation {unknown}
 m - a scroll of amnesia {unknown}
 o - a scroll of torment {unknown}
 p - a scroll of blinking {unknown}
Potions
 q - a potion of curing {unknown}


   Skills:
 - Level 1.1 Fighting
 + Level 2.1 Slings
 - Level 1.7 Dodging
 - Level 4.4 Spellcasting
 - Level 5.1 Hexes
 - Level 5.0 Translocations


You had 10 spell levels left.
You knew the following spells:

 Your Spells              Type           Power      Damage    Failure   Level
a - Slow                  Hex            60%        N/A       2%          1
b - Portal Projectile     Hex/Tloc       28%        N/A       8%          3

Your spell library contained the following spells:

 Spells                   Type           Power      Damage    Failure   Level
 Inner Flame              Hex/Fire       8%         N/A       22%         3
 Cause Fear               Hex            7%         N/A       26%         4
 Metabolic Englaciation   Hex/Ice        4%         N/A       90%         5
 Petrify                  Tmut/Erth      2%         N/A       91%         4
 Statue Form              Tmut/Erth      1%         N/A       100%        6


Dungeon Overview and Level Annotations

Branches:
Dungeon (4/15)
 Temple: D:4-7

Altars:
Hepliaklqana
Kikubaaqudgha
Ru
Sif Muna
Xom
Jiyva

Shops:
D:1 *   D:3 [

Annotations:
D:4 Pikel, Robin


Innate Abilities, Weirdness & Mutations

You cannot be hasted, slowed, berserked, paralysed or teleported.
You can dig through walls and to a lower floor.
You have a pair of large antennae on your head. (SInv)
Your four strong arms can wield two-handed weapons with a shield.
You are frail. (-10% HP)
Your muscles are very strong. (Str +4)
You expend magic power (3 MP) to strengthen your wands.
Your melee attacks may engulf your foes in ooze.


Message History

The scorpion barely misses you.
Fire: 30 sling bullets
Press: ? - help, Q - select action, (/) - cycle Shift-Dir - straight line, f/p - scorpion
Aim: a scorpion (moderately wounded, 57% to hit)
You magically shoot a sling bullet.
The sling bullet barely misses the scorpion.
You feel sick. The scorpion stings you.
You are more poisoned.
The scorpion poisons you!
Fire: 29 sling bullets
Press: ? - help, Q - select action, (/) - cycle Shift-Dir - straight line, f/p - scorpion
Aim: a scorpion (moderately wounded, 57% to hit)
You magically shoot a sling bullet.
The sling bullet hits the scorpion but does no damage.
The scorpion is moderately wounded.
You feel very sick. The scorpion stings you. The scorpion closely misses you.
Fire: 28 sling bullets
Press: ? - help, Q - select action, (/) - cycle Shift-Dir - straight line, f/p - scorpion
Aim: a scorpion (moderately wounded, 57% to hit)
You magically shoot a sling bullet.
The sling bullet hits the scorpion.
The scorpion is moderately wounded.
You feel very sick.
The scorpion stings you but does no damage.
Fire: 27 sling bullets
Press: ? - help, Q - select action, (/) - cycle Shift-Dir - straight line, f/p - scorpion
Aim: a scorpion (moderately wounded, 57% to hit)
You magically shoot a sling bullet.
The sling bullet hits the scorpion.
The scorpion is heavily wounded.
You feel very sick. The scorpion stings you!
Fire: 26 sling bullets
Press: ? - help, Q - select action, (/) - cycle Shift-Dir - straight line, f/p - scorpion
Aim: a scorpion (heavily wounded, 57% to hit)
You magically shoot a sling bullet.
The sling bullet barely misses the scorpion.
You feel sick. The scorpion stings you!
* * * LOW HITPOINT WARNING * * *
The scorpion stings you!
You die...

#### ..# #
#.# #
#.##.##.#
#...s@..#
....###.####
. #.# ##.##
##.#.##
#.###.#
......##.#.##
...... ##..#
......####.#


You could see a scorpion.

Vanquished Creatures
  An acid dragon (D:7)
  An ice beast (D:7)
  A sky beast (D:7)
  An ogre (D:3)
  Natasha (thrice) (D:3)
  3 orc wizards
  A hound skeleton (D:3)
  An adder (D:3)
  A gnoll (D:4)
  2 worms
  5 orcs
  A ball python (D:2)
  A bat (D:3)
  2 endoplasms (D:1)
  A giant cockroach (D:1)
  4 hobgoblins
  8 kobolds
  A quokka (D:2)
  A frilled lizard (D:3)
  4 goblins
  9 rats
52 creatures vanquished.

Vanquished Creatures (others)
  An adder (D:2)
  A dart slug (D:2)
  2 ball pythons (D:2)
  3 endoplasms
  2 goblins (D:2)
  4 hobgoblins
  A quokka (D:2)
  A frilled lizard (D:3)
  3 rats (D:2)
18 creatures vanquished.

Grand Total: 70 creatures vanquished

Notes
Turn   | Place    | Note
-------+----------+-------------------------------------------
     0 | D:1      | MiltankisOP the Formicid Arcane Marksman began the quest
                  | for the Orb.
     0 | D:1      | Reached XP level 1. HP: 15/15 MP: 2/2
    67 | D:1      | Reached skill level 1 in Translocations
    80 | D:1      | Reached XP level 2. HP: 21/21 MP: 3/3
   137 | D:1      | Found Ziukeat's General Store.
   564 | D:1      | Found a faded altar of an unknown god.
   587 | D:1      | Prayed at the altar of an unknown god.
   587 | D:1      | Became a worshipper of Jiyva Jillezif the Shapeless
   587 | D:1      | Reached * piety under Jiyva
   835 | D:2      | Reached XP level 3. HP: 26/26 MP: 4/4
   867 | D:2      | Learned a level 3 spell: Portal Projectile
  1070 | D:2      | Reached ** piety under Jiyva
  1638 | D:3      | Noticed Natasha
  1643 | D:3      | Killed Natasha
  1644 | D:3      | Reached XP level 4. HP: 24/32 MP: 5/5
  1665 | D:3      | Noticed an ogre
  1674 | D:3      | Killed an ogre
  1675 | D:3      | Reached XP level 5. HP: 37/37 MP: 6/6
  1752 | D:3      | Noticed Natasha
  1761 | D:3      | Killed Natasha
  1762 | D:3      | Reached XP level 6. HP: 34/43 MP: 7/7
  1807 | D:3      | Found Orevvin's Armour Boutique.
  1846 | D:3      | Found a shimmering blue altar of Sif Muna.
  1847 | D:3      | Found a sacrificial altar of Ru.
  1855 | D:3      | Found a hazy altar of Hepliaklqana.
  1855 | D:3      | Found a shimmering altar of Xom.
  1856 | D:3      | Noticed Natasha
  1858 | D:3      | Killed Natasha
  1859 | D:3      | Reached skill level 5 in Translocations
  1864 | D:3      | Found an ancient bone altar of Kikubaaqudgha.
  1962 | D:3      | Reached *** piety under Jiyva
  1985 | D:3      | Gained mutation: You expend magic power (3 MP) to
                  | strengthen your wands. [Jiyva's grace]
  1985 | D:3      | Gained mutation: Your melee attacks may engulf your foes in
                  | ooze. [Jiyva's grace]
  1985 | D:3      | Gained mutation: Your muscles are strong. (Str +2) [Jiyva's
                  | grace]
  1985 | D:3      | Gained mutation: Your muscles are very strong. (Str +4)
                  | [Jiyva's grace]
  2322 | D:4      | Noticed Pikel
  2323 | D:4      | Gained mutation: You are frail. (-10% HP) [mutagenic glow]
  2326 | D:4      | Noticed Robin
  2333 | D:4      | You fall into a shaft and drop 3 floors!
  2414 | D:7      | Noticed a sky beast
  2416 | D:7      | Noticed an acid dragon
  2426 | D:7      | Reached skill level 5 in Hexes
  2426 | D:7      | Killed a sky beast
  2427 | D:7      | Reached XP level 7. HP: 15/43 MP: 7/10
  2428 | D:7      | Killed an acid dragon
  2510 | D:7      | HP: 1/43 [ice beast (13)]
  2571 | D:7      | Slain by a scorpion

Illustrated notes

Levels and vault maps discovered:
D:1:      giann_bridges, layout_rooms, chequers_ecumenical_altar_island,
          serial_shops, nicolae_shop_waterfront, nicolae_figureground_pulse
D:2:      layout_loops_corners, hangedman_decor_lopped, amethyst_killhole,
          hangedman_decor_slide_cut
D:3:      layout_loops_ring, nicolae_overflow_hallway_of_the_gods, serial_shops,
          nicolae_shop_advertising_works [nicolae_subvault_shop_adworks],
          grunt_ministairs_3, uniq_natasha
D:4:      layout_gridville, vehumet_altar_wand_db,
          minmay_temple_entry_statues_fountains, nicolae_shop_unique_rings,
          uniq_menkaure, uniq_pikel, uniq_robin
D:7:      layout_loops_cross, nicolae_qazlal_style_of_elements, minivault_22,
          uniq_maggie, uniq_harold

Skill      XL: |  1  2  3  4  5  6  7 |
---------------+----------------------+-----
Translocations | 1 2 3 4 5 |  5.0
Hexes          | 5 |  5.1
Spellcasting   | 2 4 |  4.4
Fighting       | |  1.1
Slings         | |  2.1
Dodging        | |  1.7

Action                   |  1- 3 |  4- 6 |  7- 9 || total
-------------------------+-------+-------+-------++-------
Melee: Flail             |    61 |    25 |       ||    86
       Punch             |       |     1 |       ||     1
       Hunting sling     |       |     1 |     2 ||     3
 Fire: Hunting sling     |    12 |    50 |    19 ||    81
 Cast: Portal Projectile |       |     6 |     3 ||     9
Invok: Oozemancy         |       |     1 |       ||     1
 Abil: Shaft Self        |       |     1 |       ||     1
Evoke: Wand              |       |       |     1 ||     1
  Use: Potion            |       |     1 |     1 ||     2
 Stab: Sleeping          |     1 |       |       ||     1
Armor: Robe              |    18 |    15 |     3 ||    36
Dodge: Dodged            |    33 |    39 |    10 ||    82
